 Seeded DCSS version 0.31-a0-66-ge618eeaa78 (webtiles) character file.

Game seed: 3548316810174865958 (custom seed)

36 edwardauron the Covered (level 3, 0/30 HPs)
             Began as a Demigod Fighter on May 22, 2023.
             Slain by an ogre
             ... wielding a +0 giant club
              (30 damage)
             ... on level 2 of the Dungeon.
             The game lasted 00:00:49 (949 turns).

edwardauron the Covered (Demigod Fighter)            Turns: 949, Time: 00:00:49

Health: 0/30       AC:  6    Str: 21    XL:     3   Next: 5%
Magic:  5/5        EV:  9    Int: 10    God:
Gold:   35         SH:  4    Dex: 13    Spells: 2/2 levels left

rFire   . . .        a - +0 flail
rCold   . . .        c - +0 buckler
rNeg    . . .        b - +0 scale mail
rPois   .            (no helmet)
rElec   .            (no cloak)
rCorr   .            (no gloves)
SInv    .            (no boots)
Will    .....        (no amulet) Stlth
                     (no ring)
HPRegen 0.25/turn    (no ring)
MPRegen 0.09/turn

%: no passive effects
@: no status effects
A: high MP 1, forlorn, divine attributes
a: no special abilities


You were on level 2 of the Dungeon.
You visited 1 branch of the dungeon, and saw 2 of its levels.

You collected 35 gold pieces.

Inventory:

Hand Weapons
 a - a +0 flail (weapon)
Armour
 b - a +0 scale mail (worn)
 c - a +0 buckler (worn)
Jewellery
 k - a ring of protection from cold
Scrolls
 e - 5 scrolls of identify {unknown}
 f - a scroll of teleportation {unknown}
 i - a scroll of silence {unknown}
Potions
 d - a potion of might
 g - a potion of brilliance {unknown}
 h - a potion of curing {unknown}
 j - a potion of haste {unknown}
 l - a potion of cancellation {unknown}


   Skills:
 - Level 2.6 Fighting
 + Level 2.6 Maces & Flails
 + Level 3.3 Armour
 - Level 2.6 Shields


You had 2 spell levels left.
You didn't know any spells.
Your spell library was empty.

Dungeon Overview and Level Annotations

Branches:
Dungeon (2/15)


Innate Abilities, Weirdness & Mutations

You have an increased reservoir of magic. (+10% MP)
You shall have no god before yourself.
Your divine heritage dramatically boosts your attributes as you level up.


Message History

You hit the bat.
The bat is severely wounded.
The bat barely misses you. x2
You thump the bat!
You kill the bat!
No target in view!
No target in view!
No target in view!
No target in view!
No target in view!
No target in view!
No target in view!
No target in view!
No target in view!
No target in view!
No target in view!
No target in view!
No target in view!
A kobold comes into view. It is wielding a +0 club.
The kobold shouts!
You hear a shout!
The kobold throws a stone.
The stone misses you.
A kobold is nearby!
You see here a viscous blue potion.
Found an escape hatch in the ceiling.
A kobold comes into view. It is wielding a +0 whip.
You barely miss the kobold. You block the kobold's attack.
An ogre comes into view. It is wielding a +0 giant club.
The kobold throws a stone.
The stone hits you but does no damage.
A hobgoblin comes into view.
The kobold hits you but does no damage.
You closely miss the kobold.
The ogre shouts!
The hobgoblin shouts!
The kobold barely misses you.
You hit the kobold but do no damage. The kobold misses you.
You hit the ogre.
The ogre is moderately wounded.
The kobold hits you but does no damage.
The ogre hits you with a +0 giant club!!
Ouch! That really hurt!
You die...

#.#### .....
..... .g.. . #
##...##.. #.
#..#...<.
..#.###KO.K#
..#...#@#.#
<......!..#
..........#
....[....######
.............$.
.#.......######
#..<....#
#.....†.#########
####.............


You could see an ogre, a hobgoblin and 2 kobolds.

Vanquished Creatures
  2 dart slugs
  3 ball pythons
  2 endoplasms
  2 giant cockroaches (D:1)
  6 goblins (D:1)
  2 hobgoblins
  5 kobolds (D:1)
  4 bats
  A frilled lizard (D:1)
  A rat (D:2)
28 creatures vanquished.

Notes
Turn   | Place    | Note
-------+----------+-------------------------------------------
     0 | D:1      | edwardauron the Demigod Fighter began the quest for the
                  | Orb.
     0 | D:1      | Reached XP level 1. HP: 18/18 MP: 3/3
   157 | D:1      | Reached skill level 3 in Armour
   166 | D:1      | Reached XP level 2. HP: 20/25 MP: 4/4
   911 | D:2      | Reached XP level 3. HP: 30/30 MP: 5/5
   946 | D:2      | Noticed an ogre
   949 | D:2      | Slain by an ogre

Illustrated notes

Levels and vault maps discovered:
D:1:      minmay_arrival_solitary_statue, layout_basic, serial_bayou,
          serial_bayou_ford_a, serial_bayou_pond_b, serial_bayou_shore_b,
          serial_bayou_crossing, chequers_serial_rivers_micro_d
D:2:      layout_loops_ring, serial_rivers, chequers_serial_rivers_small_3,
          chequers_serial_rivers_room_a, chequers_serial_rivers_small_a,
          chequers_serial_rivers_small_3, chequers_serial_rivers_large_b,
          minmay_pentomino_z2

Skill      XL: |  1 |
---------------+----+-----
Maces & Flails | 2 |  2.6
Armour         | 3 |  3.3
Fighting       | |  2.6
Shields        | |  2.6

Action                     || total
---------------------------++-------
  Melee: Flail             ||    89
 Armour: Scale mail        ||    45
  Dodge: Dodged            ||    42
  Block: Buckler           ||    19

Table legend: (Time is in decaauts)
 A = Elapsed time spent in this place.
 B = Non-inter-level travel time spent in this place.
 C = Inter-level travel time spent in this place.
 D = Time resting spent in this place.
 E = Time spent auto-exploring this place.
 F = Levels seen in this place.
 G = Mean time per level.
                   A        B        C        D        E       F      G
               +--------+--------+--------+--------+--------+-----+--------+
         Total |    993 |    934 |     59 |      0 |    714 |   2 |  496.5 |
       Dungeon |    993 |    934 |     59 |      0 |    714 |   2 |  496.5 |
               +--------+--------+--------+--------+--------+-----+--------+

Top non-repeatable levels by time:
     D:1: 941 daAuts
     D:2: 52 daAuts
